 Dungeon Crawl Stone Soup version 0.28-a0-851-g8b9cc49659 (webtiles) character file.

Game seed: 18204340258755524900

97 Twinkles the Ducker (level 5, -6/38 HPs)
             Began as a Djinni Hedge Wizard on Nov 15, 2021.
             Was a Priest of Cheibriados.
             Killed from afar by a white imp (9 damage)
             ... with a puff of frost
             ... on level 2 of the Dungeon.
             The game lasted 00:21:29 (4059 turns).

Twinkles the Ducker (Djinni Hedge Wizard)           Turns: 4059, Time: 00:21:30

Health: -6/38      AC:  7    Str: 15    XL:     5   Next: 0%
Gold:   30         EV: 13    Int: 23    God:    Cheibriados [***...] SH:  0 Dex: 18

rFire   + + .      SeeInvis .   l - +0 dagger (drain)
rCold   x . .      Faith    .   (no shield)
rNeg    . . .      Spirit   .   r - +2 animal skin
rPois   ∞          Reflect  .   a - +2 helmet
rElec   .          Harm     .   (no cloak)
rCorr   .          Rampage  .   (no gloves)
Will    .....                   (boots unavailable)
Stlth   ++........              (no amulet)
HPRegen 0.12/turn               (no ring)
MPRegen 0.00/turn               (no ring)

@: flying, very slow
A: sickness immunity, fire resistance 2, cold vulnerability 1, float, innate
caster, hp casting, extra vitality 1
a: Renounce Religion, Bend Time, Temporal Distortion


You were on level 2 of the Dungeon.
You worshipped Cheibriados.
Cheibriados was most pleased with you.
You visited 1 branch of the dungeon, and saw 3 of its levels.

You collected 30 gold pieces.

Inventory:

Hand Weapons
 j - a +0 hunting sling
 l - a +0 dagger of draining (weapon)
Missiles
 f - a throwing net
 h - 29 sling bullets
 s - 95 stones
Armour
 a - a +2 helmet (worn)
 p - a +0 scale mail
 r - a +2 animal skin (worn)
Wands
 d - a wand of digging (5)
Scrolls
 m - a scroll of amnesia {unknown}
 o - a scroll of identify {unknown}
Potions
 e - a potion of degeneration {unknown}
 g - a potion of brilliance {unknown}
 i - a potion of invisibility {unknown}
 k - a potion of heal wounds {unknown}
 q - a potion of lignification {unknown}


   Skills:
 + Level 1.8 Fighting
 + Level 3.3 Dodging
 - Level 1.5 Stealth
 + Level 2.9 Spellcasting
 + Level 1.7 Invocations


You couldn't memorise any spells.
You knew the following spells:

 Your Spells              Type           Power      Damage    Failure   Level
a - Magic Dart            Conj           64%        1d6       3%          1
b - Blink                 Tloc           32%        N/A       5%          2
c - Call Imp              Summ           16%        N/A       5%          2
d - Slow                  Hex            64%        N/A       3%          1
e - Conjure Flame         Conj/Fire      16%        6-21      11%         3
f - Mephitic Cloud        Conj/Pois/Air  16%        N/A       11%         3
g - Beastly Appendage     Tmut           32%        N/A       3%          1
h - Ensorcelled Hibernat  Hex/Ice        32%        N/A       5%          2
Your spell library was empty.

Dungeon Overview and Level Annotations

Branches:
Dungeon (3/15)

Altars:
Cheibriados


Innate Abilities, Weirdness & Mutations

You are immune to sickness and miasma.
You are immune to poison.
Your flesh is very heat resistant. (rF++)
You are vulnerable to cold. (rC-)
You float through the air rather than walking.
You learn spells naturally, not from books.
Your magical power is your life essence.
You have superior vitality. (+4 HP)


Message History

There is an open door here.
You feel stable enough to blink again.
The adder is no longer moving slowly.
Your white imp barely misses the white imp.
Something bites your white imp.
The white imp hits you but does no damage.
Your white imp hits the white imp but does no damage.
Something closely misses your white imp.
The white imp misses your white imp.
Your white imp hits the white imp but does no damage.
Something barely misses your white imp.
The white imp gestures at your white imp.
The puff of frost hits your white imp. Something bites your white imp.
Your white imp gestures at the white imp.
The puff of frost hits the white imp.
The white imp resists.
The white imp hits your white imp.
Your white imp dies!
Your white imp disappears in a puff of smoke!
Casting: Magic Dart (safe; 3% risk of failure)
Confirm with . or Enter, or press ? or * to list all spells.
Okay, then.
Casting: Magic Dart (safe; 3% risk of failure)
Confirm with . or Enter, or press ? or * to list all spells.
Okay, then.
Unknown command.
Casting: Magic Dart (safe; 3% risk of failure)
Confirm with . or Enter, or press ? or * to list all spells.
Okay, then.
Unknown command.
Casting: Magic Dart (safe; 3% risk of failure)
Confirm with . or Enter, or press ? or * to list all spells.
You blink.
* * * LOW HITPOINT WARNING * * *
You feel stable enough to blink again.
There is an open door here.
You reach down and close the door.
A white imp opens the door.
The white imp gestures at you. The puff of frost hits you!
You feel a terrible chill!
You die...

############..........#.....#
#.............####
#..........#......
#..5.......#####..
##'##......# #.. #.#####...#
###.. ##########.# #...#
#....
#..........#####...###....
#.#######@................
#.# #.#####...#....... #.#
#.# #...#....... #.# #.#
#...#....... #.#
####.#####...#....... #.#
#.......<....######## #.#
#.##.######..# #.#
#.#..........# #.#
#.#..######..# #####


You could see a white imp.

Vanquished Creatures
  2 adders (D:2)
  A dart slug (D:1)
  A ball python (D:2)
  5 bats
  6 endoplasms
  8 goblins
  2 hobgoblins (D:2)
  4 jackals (D:1)
  2 quokkas (D:1)
  A frilled lizard (D:1)
  5 kobolds
  4 rats (D:2)
41 creatures vanquished.

Vanquished Creatures (collateral kills)
  Robin (D:2)
  2 ball pythons
  An endoplasm (D:1)
  A giant cockroach (D:2)
  A goblin (D:2)
  7 jackals
  A quokka (D:1)
  A rat (D:1)
15 creatures vanquished.

Vanquished Creatures (others)
  2 fungi (D:1)
  5 plants (D:1)
7 creatures vanquished.

Grand Total: 63 creatures vanquished

Notes
Turn   | Place    | Note
-------+----------+-------------------------------------------
     0 | D:1      | Twinkles the Djinni Hedge Wizard began the quest for the
                  | Orb.
     0 | D:1      | Reached XP level 1. HP: 15/15 MP: 0/0
   407 | D:1      | Found a faded altar of an unknown god.
   419 | D:1      | Prayed at the altar of an unknown god.
   419 | D:1      | Became a worshipper of Cheibriados the Contemplative
   419 | D:1      | Reached * piety under Cheibriados
   426 | D:1      | Reached XP level 2. HP: 19/22 MP: 0/0
   549 | D:1      | Reached skill level 1 in Fighting
   839 | D:1      | Reached XP level 3. HP: 24/27 MP: 0/0
   839 | D:1      | Learned a level 1 spell: Beastly Appendage
  1025 | D:1      | Reached ** piety under Cheibriados
  1035 | D:1      | Reached skill level 1 in Invocations
  1731 | D:2      | Reached skill level 3 in Dodging
  1731 | D:2      | Reached XP level 4. HP: 23/32 MP: 0/0
  3159 | D:2      | Noticed Robin
  3171 | D:2      | HP: 7/33 [goblin[Robin] (5)]
  3173 | D:2      | Reached *** piety under Cheibriados
  3800 | D:2      | Killed Robin
  4006 | D:3      | Reached XP level 5. HP: 36/38 MP: 0/0
  4006 | D:3      | Learned a level 2 spell: Ensorcelled Hibernation
  4041 | D:2      | HP: 7/38 [white imp/puff of frost (10)]
  4059 | D:2      | Killed from afar by a white imp

Illustrated notes

Levels and vault maps discovered:
D:1:      saegor_arrival_simple_d, layout_rooms,
          shapermc_ecumenical_altar_mp_urbaneastern
D:2:      layout_basic, uniq_robin
D:3:      layout_loops_ring, gammafunk_ghost_necromancy, kennysheep_flooded_box,
          minmay_fractal_squares_diagonal_5

Skill      XL: |  1  2  3 |
---------------+----------+-----
Fighting       | 1 |  1.8
Invocations    | 1 |  1.7
Dodging        | 3 |  3.3
Stealth        | |  1.5
Spellcasting   | |  2.9

Action                   |  1- 3 |  4- 6 || total
-------------------------+-------+-------++-------
Melee: Dagger            |    49 |     6 ||    55
       Headbutt          |     1 |       ||     1
 Cast: Magic Dart        |    43 |    51 ||    94
       Call Imp          |     9 |    18 ||    27
       Beastly Appendage |     1 |       ||     1
       Mephitic Cloud    |       |     2 ||     2
       Blink             |       |     3 ||     3
       Ensorcelled Hiber |       |     1 ||     1
 Stab: Sleeping          |       |     1 ||     1
Armor: Robe              |    10 |     3 ||    13
       Animal skin       |       |     4 ||     4
Dodge: Dodged            |    54 |    26 ||    80

Table legend: (Time is in decaauts)
 A = Elapsed time spent in this place.
 B = Non-inter-level travel time spent in this place.
 C = Inter-level travel time spent in this place.
 D = Time resting spent in this place.
 E = Time spent auto-exploring this place.
 F = Levels seen in this place.
 G = Mean time per level.
                   A        B        C        D        E       F      G
               +--------+--------+--------+--------+--------+-----+--------+
         Total |   4956 |   4435 |    521 |    439 |   3252 |   3 | 1652.0 |
       Dungeon |   4956 |   4435 |    521 |    439 |   3252 |   3 | 1652.0 |
               +--------+--------+--------+--------+--------+-----+--------+

Top non-repeatable levels by time:
     D:2: 2706 daAuts
     D:1: 2230 daAuts
     D:3: 19 daAuts
